 Dungeon Crawl Stone Soup version 0.29.0-4-gdea44cf6ec (webtiles) character file.

Game seed: 5100727978812134842

105 qw the Ruffian (level 4, -1/35 HPs)
             Began as a Ghoul Enchanter on Sept 5, 2022.
             Slain by an orc
             ... wielding a +0 war axe
              (9 damage)
             ... on level 4 of the Dungeon.
             The game lasted 00:01:25 (2555 turns).

qw the Ruffian (Ghoul Enchanter)                    Turns: 2555, Time: 00:01:26

Health: -1/35      AC: 11    Str: 13    XL:     4   Next: 81%
Magic:  5/5        EV:  6    Int: 10    God:
Gold:   144        SH: 10    Dex:  9    Spells: 6/6 levels left

rFire   + . .      SeeInvis .     - Unarmed
rCold   + + .      Faith    .   d - +0 tower shield
rNeg    + + +      Spirit   .   a - +0 ring mail
rPois   inf        Reflect  .   (no helmet)
rElec   .          Harm     .   o - scarf {rC+ rF+}
rCorr   .          Rampage  .   m - +1 pair of gloves
Will    .....                   (no boots)
Stlth   +.........              (no amulet)
HPRegen 0.00/turn               q - +4 ring of protection
MPRegen 0.09/turn               (no ring)

@: inhibited regen
A: claws 1, cold resistance 1, negative energy resistance 3, inhibited
regeneration, torment resistance 2, devour on kill
a: no special abilities


You were on level 4 of the Dungeon.
You visited 1 branch of the dungeon, and saw 4 of its levels.

You collected 184 gold pieces.
You spent 40 gold pieces at shops.


Innate Abilities, Weirdness & Mutations

You are immune to poison.
You have sharp fingernails.
Your flesh is cold resistant. (rC+)
You are immune to negative energy. (rN+++)
You do not regenerate when monsters are visible.
You are immune to unholy pain and torment.
You thrive by killing the living.


   Skills:
 - Level 1.0 Fighting
 - Level 0.8 Short Blades
 - Level 1.7 Dodging
 - Level 3.2 Stealth
 + Level 1.7 Shields
 - Level 3.7 Unarmed Combat
 - Level 1.7 Spellcasting
 - Level 2.4 Hexes


You had 6 spell levels left.
You didn't know any spells.
Your spell library contained the following spells:

 Spells                   Type           Power      Damage    Failure   Level
 Ensorcelled Hibernation  Hex/Ice        6%         N/A       100%        2
 Confusing Touch          Hex            5%         N/A       100%        3
 Dazzling Flash           Conj/Hex       6%         N/A       100%        3
 Tukima's Dance           Hex            5%         N/A       100%        3

Inventory:

Missiles
 k - 4 javelins (quivered)
Armour
 a - a +0 ring mail (worn)
 d - a +0 tower shield (worn)
 m - a +1 pair of gloves (worn)
 o - a scarf of resistance (worn)
Jewellery
 q - a +4 ring of protection (left hand)
Scrolls
 g - a scroll of identify
 n - a scroll of teleportation
Potions
 b - a potion of curing
 e - a potion of haste
 f - a potion of berserk rage {unknown}
 h - a potion of might {unknown}
 j - a potion of magic {unknown}
 p - a potion of mutation {unknown}

Dungeon Overview and Level Annotations

Branches:
Dungeon (4/15)
 Temple: D:4-7

Altars:

Shops:
D:3 ?


Message History

You hit the orc but do no damage. The orc hits you but does no damage.
You block the orc's attack.
You closely miss the orc. The orc hits you with a +0 club.
You block the orc's attack. x2
The orc hits you but does no damage. x2
You hit the orc.
The orc is heavily wounded.
You block the orc's attack. The orc hits you but does no damage.
The orc hits you with a +0 war axe. The orc hits you but does no damage. x3
You block the orc's attack.
You hit the orc but do no damage.
The orc is heavily wounded.
You block the orc's attack. The orc hits you but does no damage. x3
The orc hits you with a +0 dagger.
You hit the orc.
You kill the orc!
The orc hits you but does no damage. The orc hits you with a +0 war axe.
The orc hits you but does no damage. x2
You hit the orc.
The orc is heavily wounded.
The orc hits you but does no damage. x2; You block the orc's attack.
The orc hits you with a +0 dagger. The orc closely misses you.
The orc priest looks encouraged for a moment.
You block the orc's attack. The orc hits you but does no damage. x2
The orc completely misses you. The orc barely misses you.
You closely miss the orc.
The orc is heavily wounded.
The orc barely misses you. The orc hits you but does no damage.
You block the orc's attack. x2; The orc hits you but does no damage.
You barely miss the orc.
The orc is heavily wounded.
The orc hits you but does no damage. You block the orc's attack. x2
The orc hits you but does no damage. The orc barely misses you.
You barely miss the orc.
The orc is heavily wounded.
The orc hits you but does no damage. You block the orc's attack. x2
The orc hits you with a +0 short sword. The orc barely misses you.
The orc hits you but does no damage. The orc barely misses you. x3
The orc hits you with a +0 war axe!
You die...

#....###### ...
#.........#....
.....##.###.......
.....+.......#. ......
.... #.....#.# ......
... #....## # ......
... #....##.#
......#######.......#
......oo@oo.....##....
.......oooo............
......)###...#.###.....
##....o.......... ....
#...........###.. ###
#.........### ..
...###.#...## . .#.
#.#..## ..#.##


You could see an orc priest and 7 orcs.

Vanquished Creatures
  4 adders
  2 orcs (D:4)
  6 ball pythons
  9 bats
  7 endoplasms
  3 giant cockroaches
  5 goblins
  4 hobgoblins
  3 jackals (D:3)
  6 kobolds
  3 quokkas
  3 frilled lizards
  4 rats
59 creatures vanquished.

Notes
Turn   | Place    | Note
-------+----------+-------------------------------------------
     0 | D:1      | qw the Ghoul Enchanter began the quest for the Orb.
     0 | D:1      | Reached XP level 1. HP: 14/14 MP: 2/2
     0 | D:1      | 0 ||| qw: Version: 0.1-a-104-g96f76f8
     0 | D:1      | 0 ||| qw: Game counter: 5784
     0 | D:1      | 0 ||| qw: Always use a shield: true
     0 | D:1      | 0 ||| qw: God list: Okawaru
     0 | D:1      | 0 ||| qw: Allow faded altars: false
     0 | D:1      | 0 ||| qw: Do Orc after D:15 true
     0 | D:1      | 0 ||| qw: Do second Lair branch before Depths: true
     0 | D:1      | 0 ||| qw: Lair rune preference: random
     0 | D:1      | 0 ||| qw: Plans: Normal
     0 | D:1      | 0 ||| PLANNING D:1-11
     1 | D:1      | 1 ||| DROPPING +1 dagger.
    92 | D:1      | Reached skill level 1 in Unarmed Combat
   210 | D:1      | Reached XP level 2. HP: 22/22 MP: 3/3
   214 | D:1      | Reached skill level 1 in Fighting
   621 | D:1      | 621 ||| UPGRADING to +0 ring mail.
   631 | D:1      | 631 ||| DROPPING +0 robe.
   632 | D:1      | 632 ||| READING scroll labelled XOUSHI NEUW.
   637 | D:1      | 637 ||| READING scroll labelled XER JA ABEMEBO.
   638 | D:1      | 638 ||| READING scroll labelled WOLOASEI NINO.
   639 | D:1      | 639 ||| DROPPING 2 potions of invisibility.
   714 | D:2      | 714 ||| Stepping ~*~*~tactically~*~*~ (stealth).
   715 | D:2      | 715 ||| Stepping ~*~*~tactically~*~*~ (stealth).
   720 | D:2      | 720 ||| Stepping ~*~*~tactically~*~*~ (stealth).
   725 | D:2      | 725 ||| Stepping ~*~*~tactically~*~*~ (outnumbered).
   726 | D:2      | 726 ||| Stepping ~*~*~tactically~*~*~ (outnumbered).
   727 | D:2      | 727 ||| Stepping ~*~*~tactically~*~*~ (outnumbered).
   728 | D:2      | 728 ||| STAIRDANCE
   842 | D:1      | 842 ||| READING scroll labelled SAES TAUMIGA.
   845 | D:2      | 845 ||| STAIRDANCE
   851 | D:1      | Reached XP level 3. HP: 24/28 MP: 4/4
   891 | D:1      | 891 ||| READING scroll labelled WIUGOR MYCA.
   895 | D:2      | 895 ||| STAIRDANCE
   922 | D:2      | 922 ||| STAIRDANCE
   928 | D:2      | 928 ||| STAIRDANCE
   948 | D:2      | 948 ||| Stepping ~*~*~tactically~*~*~ (stealth).
  1022 | D:2      | 1022 ||| Stepping ~*~*~tactically~*~*~ (stealth).
  1048 | D:2      | Reached skill level 3 in Unarmed Combat
  1274 | D:2      | 1274 ||| Stepping ~*~*~tactically~*~*~ (stealth).
  1276 | D:2      | 1276 ||| Stepping ~*~*~tactically~*~*~ (stealth).
  1278 | D:2      | 1278 ||| Stepping ~*~*~tactically~*~*~ (stealth).
  1284 | D:2      | 1284 ||| Stepping ~*~*~tactically~*~*~ (outnumbered).
  1286 | D:2      | 1286 ||| Stepping ~*~*~tactically~*~*~ (outnumbered).
  1289 | D:2      | Reached XP level 4. HP: 35/35 MP: 5/5
  1464 | D:2      | 1464 ||| Stepping ~*~*~tactically~*~*~ (stealth).
  1465 | D:2      | 1465 ||| Stepping ~*~*~tactically~*~*~ (stealth).
  1467 | D:2      | 1467 ||| Stepping ~*~*~tactically~*~*~ (stealth).
  1468 | D:2      | 1468 ||| Stepping ~*~*~tactically~*~*~ (stealth).
  1469 | D:2      | 1469 ||| Stepping ~*~*~tactically~*~*~ (stealth).
  1827 | D:2      | 1827 ||| UPGRADING to +0 tower shield.
  1832 | D:2      | 1832 ||| READING scroll labelled GETYAZ INAHUB.
  1937 | D:3      | Found a faded altar of an unknown god.
  1945 | D:3      | 1945 ||| Stepping ~*~*~tactically~*~*~ (stealth).
  1952 | D:3      | 1952 ||| Stepping ~*~*~tactically~*~*~ (stealth).
  1954 | D:3      | 1954 ||| Stepping ~*~*~tactically~*~*~ (stealth).
  1955 | D:3      | 1955 ||| Stepping ~*~*~tactically~*~*~ (stealth).
  1956 | D:3      | 1956 ||| Stepping ~*~*~tactically~*~*~ (stealth).
  1957 | D:3      | 1957 ||| Stepping ~*~*~tactically~*~*~ (stealth).
  1958 | D:3      | 1958 ||| Stepping ~*~*~tactically~*~*~ (stealth).
  1963 | D:3      | 1963 ||| Stepping ~*~*~tactically~*~*~ (stealth).
  1965 | D:3      | 1965 ||| Stepping ~*~*~tactically~*~*~ (stealth).
  1972 | D:3      | 1972 ||| Stepping ~*~*~tactically~*~*~ (stealth).
  2082 | D:3      | Reached skill level 1 in Shields
  2125 | D:3      | Found Oniwuthra's Magic Scroll Shop.
  2142 | D:3      | 2142 ||| BUYING scroll of identify (20 gold).
  2142 | D:3      | Bought a scroll of identify for 20 gold pieces
  2142 | D:3      | 2142 ||| BUYING scroll of identify (20 gold).
  2142 | D:3      | Bought a scroll of identify for 20 gold pieces
  2211 | D:3      | 2211 ||| Stepping ~*~*~tactically~*~*~ (hiding).
  2214 | D:3      | 2214 ||| Stepping ~*~*~tactically~*~*~ (hiding).
  2215 | D:3      | 2215 ||| Stepping ~*~*~tactically~*~*~ (hiding).
  2229 | D:3      | 2229 ||| Stepping ~*~*~tactically~*~*~ (stealth).
  2460 | D:3      | 2460 ||| UPGRADING to +1 pair of gloves.
  2465 | D:3      | 2465 ||| UPGRADING to scarf of resistance.
  2470 | D:3      | 2470 ||| UPGRADING to +4 ring of protection.
  2471 | D:3      | 2471 ||| READING scroll labelled OQAUXA LATT.
  2472 | D:3      | 2472 ||| READING scroll labelled SEK KOOTSEIN.
  2473 | D:3      | 2473 ||| READING 4 scrolls of identify.
  2473 | D:3      | 2473 ||| IDENTIFYING orange potion
  2474 | D:3      | 2474 ||| READING 3 scrolls of identify.
  2474 | D:3      | 2474 ||| IDENTIFYING white potion
  2475 | D:3      | 2475 ||| READING 2 scrolls of identify.
  2475 | D:3      | 2475 ||| IDENTIFYING glowing blue potion
  2476 | D:3      | 2476 ||| DROPPING potion of brilliance.
  2519 | D:4      | 2519 ||| Stepping ~*~*~tactically~*~*~ (hiding).
  2520 | D:4      | 2520 ||| Stepping ~*~*~tactically~*~*~ (hiding).
  2521 | D:4      | 2521 ||| Stepping ~*~*~tactically~*~*~ (hiding).
  2522 | D:4      | 2522 ||| Stepping ~*~*~tactically~*~*~ (hiding).
  2541 | D:4      | 2541 ||| Stepping ~*~*~tactically~*~*~ (outnumbered).
  2542 | D:4      | 2542 ||| Stepping ~*~*~tactically~*~*~ (outnumbered).
  2543 | D:4      | 2543 ||| Stepping ~*~*~tactically~*~*~ (outnumbered).
  2545 | D:4      | 2545 ||| Stepping ~*~*~tactically~*~*~ (outnumbered).
  2546 | D:4      | 2546 ||| Stepping ~*~*~tactically~*~*~ (outnumbered).
  2555 | D:4      | HP: 8/35 [orc/+0 short sword (3)]
  2555 | D:4      | Slain by an orc

Levels and vault maps discovered:
D:1:      amcnicky_arrival_double_pillar, layout_rooms
D:2:      layout_basic, kennysheep_generic_room_4
D:3:      layout_rooms, ebering_ecumenical_altar_box, serial_shops, shop_coins
D:4:      layout_basic, nicolae_qazlal_eye_of_the_storm

Skill      XL: |  1  2  3  4 |
---------------+-------------+-----
Unarmed Combat | 1 2 3 |  3.7
Fighting       | 1 |  1.0
Shields        | 1 |  1.7
Short Blades   | |  0.8
Dodging        | |  1.7
Stealth        | |  3.2
Spellcasting   | |  1.7
Hexes          | |  2.4

Action                   |  1- 3 |  4- 6 || total
-------------------------+-------+-------++-------
Melee: Unarmed           |   129 |    77 ||   206
       Punch             |     3 |       ||     3
Throw: Javelin           |     1 |    37 ||    38
  Use: Scroll            |     5 |     6 ||    11
Armor: Robe              |     7 |       ||     7
       Ring mail         |    74 |    48 ||   122
Dodge: Dodged            |    91 |    33 ||   124
Block: Tower shield      |       |    47 ||    47

Table legend:
 A = Non-vault XP
 B = Vault XP
 C = Vault XP percentage of total XP
 D = Non-vault monster count
 E = Vault monster count
 F = Vault count percentage of total count
                 A         B        C        D         E       F
            +---------+---------+-------+---------+---------+-------
      Total |     150 |       0 |   0.0 |      59 |       0 |   0.0
            +---------+---------+-------+---------+---------+-------
        D:1 |      29 |       0 |   0.0 |      17 |       0 |   0.0
        D:2 |      64 |       0 |   0.0 |      18 |       0 |   0.0
        D:3 |      49 |       0 |   0.0 |      21 |       0 |   0.0
        D:4 |       8 |       0 |   0.0 |       3 |       0 |   0.0
            +---------+---------+-------+---------+---------+-------
